 Dungeon Crawl Stone Soup version 0.30-a0-1074-g5db6f66fbb (webtiles) character file.

Game seed: 14888743501880581705

2664 BubbleThief the Fighter (level 9, -1/77 HPs)
             Began as a Demonspawn Cinder Acolyte on Apr 13, 2023.
             Was a High Priest of Ignis.
             Succumbed to a hornet's poison
             ... while paralysed by a hornet
             ... on level 7 of the Dungeon.
             The game lasted 00:10:53 (7229 turns).

BubbleThief the Fighter (Demonspawn Cinder Acolyte) Turns: 7229, Time: 00:10:53

Health: -1/77      AC:  3    Str: 19    XL:     9   Next: 36%
Magic:  1/10       EV:  2    Int: 16    God:    Ignis [*****.]
Gold:   379        SH:  0    Dex:  8    Spells: 8/10 levels left

rFire   + . .      SeeInvis .    a - -1 spear (flame)
rCold   . . .      Faith    .    (no shield)
rNeg    . . .      Spirit   .    b - +0 robe
rPois   .          Reflect  .    (no helmet)
rElec   .          Rampage  .    y - scarf {shadows}
rCorr   .                        l - +0 pair of gloves
Will    .....                    (no boots)
Stlth   +                        (no amulet)
HPRegen 0.32/turn                (no ring)
MPRegen 0.12/turn                (no ring)

@: paralysed, lethally poisoned (-1 -> -21), very slightly contaminated, slowed
A: large bone plates 2, powered by death 1, demonic magic 1, demonic touch 1
a: Renounce Religion, Fiery Armour, Foxfire Swarm, Rising Flame


You were on level 7 of the Dungeon.
You worshipped Ignis.
Ignis was extremely pleased with you.
You visited 1 branch of the dungeon, and saw 7 of its levels.

You collected 379 gold pieces.

Inventory:

Hand Weapons
 a - a -1 spear of flaming (weapon)
 u - a +0 heavy trident
Armour
 b - a +0 robe (worn)
 h - a +0 cloak
 l - a +0 pair of gloves (worn)
 y - a scarf of shadows (worn)
Wands
 p - a wand of flame (81)
 x - a wand of roots (9)
 F - a wand of mindburst (19)
Scrolls
 e - a scroll of brand weapon {unknown}
 f - 2 scrolls of immolation {unknown}
 i - 2 scrolls of acquirement {unknown}
 m - a scroll of magic mapping {unknown}
 n - 6 scrolls of identify {unknown}
 o - 2 scrolls of vulnerability {unknown}
 q - 2 scrolls of blinking {unknown}
 s - 2 scrolls of enchant weapon {unknown}
 t - 2 scrolls of fog {unknown}
 A - a scroll of enchant armour {unknown}
 B - 2 scrolls of butterflies {unknown}
 E - a scroll of teleportation {unknown}
Potions
 c - 3 potions of curing {unknown}
 d - a potion of mutation {unknown}
 g - 2 potions of brilliance {unknown}
 j - 3 potions of heal wounds {unknown}
 k - 3 potions of flight {unknown}
 r - a potion of attraction {unknown}
 v - a potion of berserk rage {unknown}
 w - 2 potions of lignification {unknown}
 z - a potion of haste {unknown}
 C - a potion of invisibility {unknown}
 D - 2 potions of might {unknown}
 G - a potion of magic {unknown}


   Skills:
 + Level 9.6 Fighting
 + Level 8.8 Polearms
 - Level 1.0 Spellcasting
 - Level 2.6 Fire Magic


You had 8 spell levels left.
You knew the following spells:

 Your Spells              Type           Power      Damage    Failure   Level
a - Scorch                Fire           18%        2d6       12%         2

Your spell library contained the following spells:

 Spells                   Type           Power      Damage    Failure   Level
 Poisonous Vapours        Pois/Air       0%         N/A       34%         2
 Mephitic Cloud           Conj/Pois/Air  0%         N/A       56%         3
 Animate Armour           Summ/Erth      0%         N/A       92%         4
 Blade Hands              Tmut           0%         N/A       99%         5
 Freezing Cloud           Conj/Ice/Air   0%         6-21      99%         5
 Iron Shot                Conj/Erth      0%         9d1       100%        6
 Borgnjor's Revivificati  Necr           0%         N/A       100%        8
 Necromutation            Tmut/Necr      0%         N/A       100%        8
 Death's Door             Necr           0%         N/A       100%        9


Dungeon Overview and Level Annotations

Branches:
Dungeon (7/15)             Temple (0/1) D:4

Altars:
Cheibriados
Fedhas
Kikubaaqudgha
Makhleb
Sif Muna
Xom
Yredelemnul

Shops:
D:5 :   D:6 =


Innate Abilities, Weirdness & Mutations

You are mostly covered in large bone plates. (SH +6)
You regenerate a little health from kills.
Spells you cast may paralyse adjacent enemies.
Your touch may inflict minor irresistible damage on your foes.


Message History

You are poisoned.
You feel as though you will be slow longer.
The hornet barely misses you.
Unknown command.
Unknown command.
Casting: Scorch (safe; 12% risk of failure)
Confirm with . or Enter, or press ? or * to list all spells.
Flames lash the hornet.
The hornet is moderately wounded.
The hornet's fire resistance burns away.
Malevolent energies surge around you.
You feel very sick. The hornet barely misses you.
You block the hornet's attack.
Casting: Scorch (safe; 12% risk of failure)
Confirm with . or Enter, or press ? or * to list all spells.
Flames lash the hornet.
The hornet is burned terribly!
The hornet is heavily wounded.
Malevolent energies surge around you.
You feel very sick. The hornet stings you.
You are more poisoned.
You feel as though you will be slow longer.
The hornet closely misses you. The hornet completely misses you.
Unknown command.
Casting: Scorch (safe; 12% risk of failure)
Confirm with . or Enter, or press ? or * to list all spells.
Flames lash the hornet.
The hornet is burned terribly!
The hornet is severely wounded.
Malevolent energies surge around you.
You feel very sick.
The hornet stings you but does no damage.
The hornet stings you!
You are lethally poisoned!
You suddenly lose the ability to move!
* * * LOW HITPOINT WARNING * * *
You feel extremely sick. The hornet stings you!
* * * LOW HITPOINT WARNING * * *
You feel as though you will be slow longer.
You die...

####### ##
#.....# ...
#.###.# ....
#[# #.#
.....####.###.#
.....y@.).....#
.....####.##..#
.... #.##..#
... #.....# ..
####.## . #.#
#.# #.#
##.#####


You could see a hornet (combustible).

Vanquished Creatures
  Pikel (D:4)
  Sigmund (D:5)
  A wyvern (D:7)
  Menkaure (D:4)
  A water moccasin (D:7)
  Duvessa (D:4)
  A sky beast (D:7)
  A black bear (D:5)
  2 ogres (D:5)
  4 lemures (D:3)
  A kobold brigand (D:6)
  Blork the orc (D:4)
  4 scorpions
  Dowan (D:4)
  5 hounds
  3 jellies
  2 sleepcaps
  A gnoll bouda (D:6)
  An orc priest (D:5)
  4 iguanas
  Ijyb (D:3)
  5 orc wizards
  Robin (D:3)
  3 gnolls (D:6)
  5 adders
  2 shadow imps
  2 white imps
  A worm (D:4)
  2 dart slugs
  23 orcs
  6 bats
  3 endoplasms
  6 giant cockroaches
  16 goblins
  11 hobgoblins
  2 jackals (D:1)
  3 quokkas
  5 ball pythons
  A frilled lizard (D:2)
  13 kobolds
  6 rats
154 creatures vanquished.

Notes
Turn   | Place    | Note
-------+----------+-------------------------------------------
     0 | D:1      | BubbleThief the Demonspawn Cinder Acolyte began the quest
                  | for the Orb.
     0 | D:1      | Reached XP level 1. HP: 18/18 MP: 2/2
   239 | D:1      | Gained mutation: Spells you cast may paralyse adjacent
                  | enemies. [demonic ancestry]
   239 | D:1      | Reached XP level 2. HP: 22/24 MP: 3/3
   252 | D:1      | Learned a level 2 spell: Scorch
   681 | D:2      | Found a shimmering blue altar of Sif Muna.
  1081 | D:2      | Reached XP level 3. HP: 29/29 MP: 4/4
  1126 | D:2      | Reached skill level 4 in Fighting
  1498 | D:2      | Gained mutation: Your touch may inflict minor irresistible
                  | damage on your foes. [demonic ancestry]
  1498 | D:2      | Reached XP level 4. HP: 37/37 MP: 5/5
  2313 | D:3      | Noticed Robin
  2477 | D:3      | Killed Robin
  2478 | D:3      | Gained mutation: You are partially covered in large bone
                  | plates. (SH +4) [demonic ancestry]
  2478 | D:3      | Reached XP level 5. HP: 43/43 MP: 3/6
  2608 | D:3      | Found a blossoming altar of Fedhas.
  3292 | D:4      | Noticed Pikel
  3292 | D:4      | Noticed a lemure
  3292 | D:4      | Noticed a lemure
  3326 | D:4      | Noticed Ijyb
  3361 | D:3      | Killed Ijyb
  3475 | D:4      | Noticed Dowan
  3476 | D:4      | Noticed Duvessa
  3496 | D:4      | Killed Duvessa
  3497 | D:4      | Reached skill level 5 in Fighting
  3497 | D:4      | Gained mutation: You regenerate a little health from kills.
                  | [demonic ancestry]
  3497 | D:4      | Reached XP level 6. HP: 40/51 MP: 0/7
  3566 | D:4      | Killed Dowan
  3567 | D:4      | Reached skill level 5 in Polearms
  3876 | D:4      | Killed Pikel
  3877 | D:4      | Reached skill level 6 in Fighting
  3877 | D:4      | Gained mutation: You are mostly covered in large bone
                  | plates. (SH +6) [demonic ancestry]
  3877 | D:4      | Reached XP level 7. HP: 59/59 MP: 1/8
  4028 | D:4      | Found a staircase to the Ecumenical Temple.
  4061 | D:4      | Found a snail-covered altar of Cheibriados.
  4211 | D:4      | Noticed Blork the orc
  4222 | D:4      | Killed Blork the orc
  4265 | D:4      | Noticed Menkaure
  4273 | D:4      | Reached skill level 7 in Fighting
  4275 | D:4      | Killed Menkaure
  4276 | D:4      | Reached XP level 8. HP: 67/67 MP: 4/9
  4648 | D:4      | Found an ancient bone altar of Kikubaaqudgha.
  4656 | D:4      | Found a shimmering altar of Xom.
  4660 | D:4      | Found a basalt altar of Yredelemnul.
  4712 | D:5      | Entered Level 5 of the Dungeon
  4917 | D:5      | Noticed Sigmund
  4928 | D:5      | Killed Sigmund
  4929 | D:5      | Reached skill level 8 in Fighting
  5295 | D:5      | Found Usaomaa's Book Shop.
  5495 | D:5      | Found a burning altar of Makhleb.
  5569 | D:6      | Found Kuskecob's Jewellery Shop.
  5808 | D:6      | Reached XP level 9. HP: 75/75 MP: 7/10
  5975 | D:6      | Reached skill level 9 in Fighting
  7227 | D:7      | Paralysed by a hornet for 3 turns
  7229 | D:7      | Succumbed to a hornet's poison

Illustrated notes

Levels and vault maps discovered:
D:1:      minmay_arrival_checkered_box, layout_basic
D:2:      layout_basic, basic_altar, minmay_goblin_outpost
D:3:      layout_basic, fedhas_altar_1, uniq_robin
D:4:      minmay_bubble_buster, layout_rooms, lemuel_round_altar, minitemple,
          minmay_temple_entry_hall, uniq_ijyb, uniq_menkaure, uniq_duvessa,
          uniq_pikel, uniq_blork_the_orc
D:5:      layout_cave_pools, makhleb_blood_cavern_becter, serial_shops, shop,
          uniq_sigmund
D:6:      layout_rooms, nicolae_overflow_crystal_walls, nicolae_stop_n_shop_1
D:7:      layout_loops_corners, chequers_arboretum

Skill      XL: |  1  2  3  4  5  6  7  8  9 |
---------------+----------------------------+-----
Polearms       | 3 4 6 8 |  8.8
Fighting       | 4 5 6 7 8 9 |  9.6
Spellcasting   | |  1.0
Fire Magic     | |  2.6

Action                     |  1- 3 |  4- 6 |  7- 9 || total
---------------------------+-------+-------+-------++-------
  Melee: Spear             |   121 |   112 |   202 ||   435
         Touch             |       |    19 |    34 ||    53
         Punch             |       |     1 |     2 ||     3
   Cast: Scorch            |     8 |    26 |    62 ||    96
  Evoke: Wand              |       |       |     1 ||     1
   Stab: Paralysed         |     3 |    30 |    47 ||    80
         Sleeping          |       |       |     1 ||     1
         Distracted        |       |       |     1 ||     1
 Armour: Robe              |    26 |    15 |    30 ||    71
  Dodge: Dodged            |    53 |    36 |    59 ||   148
  Block: Other             |       |     9 |    37 ||    46

Table legend: (Time is in decaauts)
 A = Elapsed time spent in this place.
 B = Non-inter-level travel time spent in this place.
 C = Inter-level travel time spent in this place.
 D = Time resting spent in this place.
 E = Time spent auto-exploring this place.
 F = Levels seen in this place.
 G = Mean time per level.
                   A        B        C        D        E       F      G
               +--------+--------+--------+--------+--------+-----+--------+
         Total |   7166 |   6856 |    310 |    642 |   5179 |   7 | 1023.7 |
       Dungeon |   7166 |   6856 |    310 |    642 |   5179 |   7 | 1023.7 |
               +--------+--------+--------+--------+--------+-----+--------+

Top non-repeatable levels by time:
     D:3: 1647 daAuts
     D:2: 1418 daAuts
     D:4: 1062 daAuts
     D:6: 835 daAuts
     D:5: 831 daAuts
     D:7: 702 daAuts
     D:1: 669 daAuts
